Map: Ley Lines

Players

kenO - Winner!

  • Race: Protoss Protoss
  • League: Diamond
  • Spawn Location: 7:00

Zero - Winner!

  • Race: Protoss Protoss
  • League: Platinum
  • Spawn Location: 1:00

A.I. 2 (Very Easy)

  • Race: Terran Terran

VOD

Have the link to the VOD?

Description

Time

  • Played on: Feb. 9, 2025, 7:36 a.m.
  • Length: 8:49
Show
View Real Time Build Order
Export as new Build Order

kenO Protoss - Winner!

Build Orders: Blink Stalkers 

Get SALT Encoding   

  12  0:00  Probe  
  13  0:12  Probe  
  14  0:17  Pylon  
  14  0:23  Probe  
  15  0:31  Probe  
  16  0:37  Gateway  
  16  0:39  Probe  
  16  0:48  Pylon  
  17  0:51  Probe  
  18  0:58  Assimilator  
  19  1:08  Gateway  
  19  1:11  Probe  
  19  1:25  Cybernetics Core  
  19  1:26  Probe  
  19  1:31  Zealot  
  22  1:49  Stalker  
  24  2:02  Adept  
  26  2:11  Nexus  
  26  2:15  Warp Gate  
  26  2:21  Stalker  
  26  2:29  Probe  
  27  2:36  Pylon  
  29  2:41  Probe  
  29  2:42  Assimilator  
  30  2:51  Stalker  
  30  2:54  Probe  
  31  3:06  Probe  
  32  3:18  Probe  
  33  3:20  Probe  
  33  3:22  Twilight Council  
  34  3:30  Probe  
  34  3:32  Blink  
  34  3:33  Probe, Gateway  
  36  3:36  Gateway  
  36  3:42  Probe  
  36  3:48  Probe  
  38  3:54  Probe  
  39  4:00  Probe  
  40  4:03  Stalker  
  40  4:07  Stalker  
  40  4:09  Probe  
  45  4:14  Probe  
  46  4:21  Probe  
  47  4:26  Probe  
  47  4:30  Stalker x2  
  52  4:33  Probe  
  52  4:35  Assimilator  
  52  4:37  Pylon  
  54  4:38  Probe  
  54  4:52  Pylon  
  54  4:55  Probe x2, Stalker x2  
  60  5:05  Sentry  
  60  5:06  Pylon  
  62  5:10  Probe x2  
  62  5:12  Stalker  
  66  5:23  Probe  
  66  5:24  Stalker x2  
  66  5:28  Probe  
  72  5:31  Pylon  
  72  5:34  Charge  
  72  5:36  Stalker x2  
  76  5:48  Probe  
  77  5:50  Stalker x2  
  81  5:57  Nexus  
  81  6:07  Zealot x2  
  81  6:09  Probe  
  86  6:13  Pylon  
  86  6:20  Gateway  
  86  6:23  Pylon  
  86  6:28  Gateway  
  86  6:31  Probe  
  87  6:33  Gateway  
  87  6:37  Gateway  
  87  6:42  Forge  
  87  6:44  Probe  
  88  6:47  Probe  
  89  6:54  Zealot  
  89  6:56  Probe  
  89  6:58  Pylon  
  89  6:59  Probe  
  93  7:01  Stalker  
  93  7:08  Probe, Zealot x2  
  98  7:13  Probe  
  101  7:16  Stalker  
  101  7:22  Zealot  
  105  7:26  Zealot  
  105  7:27  Zealot  
  109  7:34  Zealot x4  
Show
View Real Time Build Order
Export as new Build Order

Zero Protoss - Winner!

Build Orders:  

Get SALT Encoding   

  12  0:00  SCV  
  13  0:13  SCV  
  14  0:19  Supply Depot  
  14  0:37  Refinery  
  14  0:42  Barracks  
  14  1:02  Supply Depot  
  14  1:11  Refinery  
  14  1:29  Orbital Command  
  14  1:30  Marine  
  15  1:48  Barracks Tech Lab  
  15  1:55  SCV  
  16  2:07  SCV  
  17  2:14  Marine  
  18  2:19  SCV  
  19  2:31  SCV  
  20  2:42  Marine  
  20  2:43  SCV  
  22  2:45  Supply Depot  
  20  2:55  SCV  
  18  3:08  SCV  
  18  3:11  Marine  
  18  3:20  SCV  
  16  3:32  SCV  
  14  3:40  Marine  
  12  3:44  SCV  
  13  3:56  SCV  
  14  4:08  SCV  
  14  4:09  Marauder  
  17  4:20  SCV  
  17  4:32  SCV  
  17  4:37  Marine  
  19  4:44  SCV  
  20  4:56  SCV  
  21  5:09  SCV  
  22  5:21  SCV  
  23  5:33  SCV  
  24  5:47  Marine  
  22  5:56  SCV  
  14  6:08  SCV  
  15  6:16  Marauder  
  17  6:20  SCV  
  18  6:32  SCV  
  19  6:38  Factory  
  19  6:44  SCV, Command Center  
  19  6:45  Marine  
  20  6:56  SCV  
  21  7:08  SCV  
  21  7:13  Supply Depot  
  21  7:14  Marauder  
  24  7:21  SCV  
  25  7:26  Starport  
  25  7:33  SCV  
  21  7:43  Hellion  
  14  7:45  SCV  
Show
View Real Time Build Order
Export as new Build Order

A.I. 2 (Very Easy) Terran 

Build Orders:  

Get SALT Encoding   

Tags
 
Add a new tag
Caveats
  • Supply blocks, unpowered buildings, or Contaminate may cause inaccurate times.
  • Supply counts are checked every 10 seconds.